 Dungeon Crawl Stone Soup version 0.28-a0-850-g09de17f5b5 (webtiles) character file.

Game seed: 10938178920490388655

11 vurker the Gusty (level 2, -1/16 HPs)
             Began as a Tengu Air Elementalist on Nov 13, 2021.
             Slain by a quokka (3 damage)
             ... on level 1 of the Dungeon.
             The game lasted 00:00:32 (385 turns).

vurker the Gusty (Tengu Air Elementalist)            Turns: 385, Time: 00:00:32

Health: -1/16      AC:  2    Str:  8    XL:     2   Next: 25%
Magic:  1/6        EV: 12    Int: 15    God:
Gold:   12         SH:  0    Dex: 14    Spells: 4/5 levels left

rFire   . . .      SeeInvis .   b - +0 short sword
rCold   . . .      Faith    .   (no shield)
rNeg    . . .      Spirit   .   a - +0 robe
rPois   .          Reflect  .   (helmet restricted)
rElec   .          Harm     .   (no cloak)
rCorr   .          Rampage  .   (no gloves)
Will    .....                   (boots unavailable)
Stlth   ++........              (no amulet)
HPRegen 0.05/turn               (no ring)
MPRegen 0.10/turn               (no ring)

@: no status effects
A: beak, talons 3
a: no special abilities


You were on level 1 of the Dungeon.
You visited 1 branch of the dungeon, and saw 1 of its levels.

You collected 12 gold pieces.

Inventory:

Hand Weapons
 b - a +0 short sword (weapon)
   (You took it off a kobold on level 1 of the Dungeon)
Armour
 a - a +0 robe (worn)
Scrolls
 c - a scroll of noise {unknown}


   Skills:
 + Level 0.4 Fighting
 - Level 2.1 Dodging
 - Level 2.0 Stealth
 * Level 2.2 Spellcasting
 + Level 1.7 Conjurations
 * Level 4.3 Air Magic


You had 4 spell levels left.
You knew the following spells:

 Your Spells              Type           Power      Damage    Failure   Level
a - Shock                 Conj/Air       40%        1d5       6%          1

Your spell library contained the following spells:

 Spells                   Type           Power      Damage    Failure   Level
 Static Discharge         Conj/Air       10%        N/A       10%         2
 Swiftness                Air            14%        N/A       11%         3
 Airstrike                Air            7%         N/A       34%         4


Dungeon Overview and Level Annotations

Branches:
Dungeon (1/15)

Altars:


Innate Abilities, Weirdness & Mutations

You have a beak for a mouth.
You have claws for feet.


Message History

A hobgoblin comes into view.
Aim: a hobgoblin (wandering, hasn't noticed you, 68% to hit)
The zap hits the hobgoblin.
Aim: a hobgoblin (heavily wounded, 68% to hit)
The zap hits the hobgoblin.
You kill the hobgoblin!
c - a scroll labelled XUCOJE YVAULL You can't see any susceptible monsters within range! (Use Z to cast anyway.)
You can't see any susceptible monsters within range! (Use Z to cast anyway.)
Found a faded altar of an unknown god.
There is a faded altar of an unknown god here.
There is an empty arch of ancient stone here.
A hobgoblin comes into view.
A hobgoblin is nearby!
A hobgoblin is nearby!
The zap hits the hobgoblin.
The hobgoblin shouts!
The zap hits the hobgoblin.
You kill the hobgoblin!
You can't see any susceptible monsters within range! (Use Z to cast anyway.)
A quokka comes into view.
The zap misses the quokka. x2
A kobold comes into view. It is wielding a +0 club.
There are monsters nearby!
The zap hits the quokka.
The kobold shouts!
The zap hits the quokka but does no damage.
The kobold throws a stone.
The stone closely misses you.
You closely miss the quokka. The quokka misses you. The quokka bites you.
You closely miss the quokka.
An endoplasm comes into view.
The quokka misses you.
The zap hits the quokka but does no damage.
The endoplasm quivers.
The quokka bites you. The quokka misses you.
Aim: a quokka (moderately wounded, 56% to hit)
The zap hits the quokka.
The quokka completely misses you.
You miss the quokka. The quokka bites you.
* * * LOW HITPOINT WARNING * * *
A giant cockroach comes into view.
The quokka bites you.
* * * LOW HITPOINT WARNING * * *
Aim: a quokka (heavily wounded, 56% to hit)
The zap misses the quokka.
The quokka closely misses you. The giant cockroach bites you.
* * * LOW HITPOINT WARNING * * *
You hit the giant cockroach but do no damage.
The quokka bites you.
You die...

# #.#######.##.##
###.########.......#.##.##
#...............##.#.##..#
###.....#####.##.#.###.#
#..##.# #.##.##...#. #..
#J# #.##.#⌠.8..# ...K #.#
#.#####..8.# #.##. #r##
#..#⌠#∩#...# #. .. #@.#
#.#...#_#⌠#. # #J ##B#
#.#.8..####. .. .#
#.#..8.⌠#... .#
#..#...###.# ..
#.#.###.#... #. ...##
#..... .##### ##..... ..
#...... #......†.


You could see an endoplasm, a quokka and a giant cockroach.

Vanquished Creatures
  2 ball pythons (D:1)
  A giant cockroach (D:1)
  2 hobgoblins (D:1)
  2 kobolds (D:1)
  A quokka (D:1)
  A bat (D:1)
  A rat (D:1)
10 creatures vanquished.

Notes
Turn   | Place    | Note
-------+----------+-------------------------------------------
     0 | D:1      | vurker the Tengu Air Elementalist began the quest for the
                  | Orb.
     0 | D:1      | Reached XP level 1. HP: 10/10 MP: 4/4
   216 | D:1      | Reached XP level 2. HP: 15/15 MP: 3/6
   314 | D:1      | Found a faded altar of an unknown god.
   385 | D:1      | Slain by a quokka

Illustrated notes

Levels and vault maps discovered:
D:1:      minmay_arrival_up_and_down, layout_loops_ring,
          shapermc_ecumenical_altar_venn

Action                   || total
-------------------------++-------
Melee: Short sword       ||     4
 Cast: Shock             ||    23
Dodge: Dodged            ||     7

Table legend: (Time is in decaauts)
 A = Elapsed time spent in this place.
 B = Non-inter-level travel time spent in this place.
 C = Inter-level travel time spent in this place.
 D = Time resting spent in this place.
 E = Time spent auto-exploring this place.
 F = Levels seen in this place.
 G = Mean time per level.
                   A        B        C        D        E       F      G
               +--------+--------+--------+--------+--------+-----+--------+
         Total |    384 |    384 |      0 |      0 |    335 |   1 |  384.0 |
       Dungeon |    384 |    384 |      0 |      0 |    335 |   1 |  384.0 |
               +--------+--------+--------+--------+--------+-----+--------+

Top non-repeatable levels by time:
     D:1: 384 daAuts
